 Dungeon Crawl Stone Soup version 0.21.1 (webtiles) character file.

24505 Fascinator the Fighter (level 12, -2/106 HPs)
             Began as a Minotaur Berserker on Feb 1, 2018.
             Was a High Priest of Trog.
             Slain by a spatial maelstrom (12 damage)
             ... on level 1 of the Abyss.
             The game lasted 00:47:42 (13617 turns).

Fascinator the Fighter (Minotaur Berserker)        Turns: 13617, Time: 00:47:42

Health: -2/106     AC: 32    Str: 26 (27) XL:     12   Next: 81%
Magic:  11/11      EV: 11    Int:  4      God:    Trog [*****.]
Gold:   946        SH:  0    Dex:  8      Spells: 11/11 levels left

rFire    . . .     SeeInvis .   w - +0 mace of Iconoclasm {flame, +Rage rElec MR+}
rCold    . . .     Gourm    .   (no shield)
rNeg     + + .     Faith    .   h - +10 plate armour {ponderous}
rPois    .         Spirit   .   (helmet restricted)
rElec    +         Reflect  .   p - +0 cloak
rCorr    .         Harm     .   r - +0 pair of gloves
MR       +++..                  s - +1 pair of boots
Stlth    ..........             (no amulet)
HPRegen  1.27/turn              x - ring of positive energy
MPRegen  0.12/turn              D - ring of positive energy

@: about to teleport, regenerating, slow
A: retaliatory headbutt, horns 2, repulsion field 1, clumsy 1, [deterioration
1], frail 1
a: Berserk, Trog's Hand, Brothers in Arms, Burn Spellbooks, Renounce Religion,
Evoke Berserk Rage


You were on level 1 of the Abyss.
You worshipped Trog.
Trog was extremely pleased with you.
You were not hungry.

You visited 3 branches of the dungeon, and saw 15 of its levels.
You visited the Abyss 1 time.

You collected 946 gold pieces.

Inventory:

Hand Weapons
 w - the +0 mace of Iconoclasm (weapon) {flame, +Rage rElec MR+}
   (You found it on level 5 of the Dungeon)

   It has been specially enchanted to burn those struck by it, causing extra
   injury to most foes and up to half again as much damage against particularly
   susceptible opponents.
   It insulates you from electricity.
   It affects your resistance to hostile enchantments.
   It lets you go berserk.
 E - a +4 battleaxe of electrocution
Armour
 h - a +10 plate armour of ponderousness (worn)
 p - a +0 cloak (worn)
 r - a +0 pair of gloves (worn)
 s - a +1 pair of boots (worn)
Jewellery
 x - a ring of positive energy (left hand)
 D - a ring of positive energy (right hand)
Wands
 i - a wand of flame (19)
 u - a wand of digging (13)
 B - a wand of polymorph (8)
Scrolls
 d - 8 scrolls of teleportation
 e - 5 scrolls of remove curse
 f - a scroll of holy word {unknown}
 j - 5 scrolls of identify
 k - 4 scrolls of enchant armour
 m - 5 scrolls of blinking
 o - 3 scrolls of fog
 q - a scroll of enchant weapon
 y - a scroll of fear
 C - 4 scrolls of magic mapping
Potions
 a - a potion of berserk rage
 b - 3 potions of flight
 g - 2 potions of invisibility
 n - a potion of magic
 t - 4 potions of curing
 v - a potion of ambrosia
 z - a potion of resistance {unknown}
 F - a potion of mutation
 G - 2 potions of cancellation {unknown}
Comestibles
 c - 22 rations


   Skills:
 + Level 14.8 Fighting
 - Level 6.9(11.1) Axes
 - Level 13.4(14.0) Maces & Flails
 + Level 14.6 Armour
 - Level 2.4 Dodging


You had 11 spell levels left.
You didn't know any spells.

Dungeon Overview and Level Annotations

Branches:
Dungeon (12/15)            Temple (0/1) D:5            Lair (2/6) D:11
    Orc (1/2) D:11
  Swamp: Lair:2-4    Shoals: Lair:2-4     Snake: Lair:2-4    Spider: Lair:2-4

Altars:
Ashenzari
Cheibriados
Okawaru
Trog
Wu Jian
Yredelemnul
The Shining One

Annotations:
D:2 1 exclusion
D:4 1 exclusion
D:9 1 exclusion
D:11 Sonja


Innate Abilities, Weirdness & Mutations

You reflexively headbutt those who attack you in melee.
You have a pair of horns on your head.
You are surrounded by a mild repulsion field. (EV +2)
You are clumsy. (Dex -2)
You are frail. (-10% HP)
[Your body sometimes deteriorates upon taking damage.]


Message History

You sock the spatial vortex! You burn the spatial vortex.
The spatial vortex is moderately damaged.
The spatial maelstrom hits you.
* * * LOW HITPOINT WARNING * * *
Space bends around you.
* * * LOW HITPOINT WARNING * * *
The spatial maelstrom hits you but does no damage.
The sixfirhy hits you but does no damage.
The spatial vortex barely misses you.
The spatial maelstrom hits you but does no damage.
The spatial maelstrom completely misses you.
The sixfirhy hits you.
* * * LOW HITPOINT WARNING * * *
The sixfirhy shocks you. You resist.
* * * LOW HITPOINT WARNING * * *
The sixfirhy hits you but does no damage. x2
The spatial maelstrom hits you.
* * * LOW HITPOINT WARNING * * *
Space warps horribly around you!
You die...

## #### .. #..##
.# #.###@# .
#...v3#
#..#####...v#
#.........v#.#
##.#####.#.#.#.#
#
v......v[v.....#.
#v v#.v##.###.# .
.######.### .#. #
# #.#### # .## #
#


You could see a spatial maelstrom, 5 spatial vortices and a sixfirhy.

Vanquished Creatures
  Erolcha (D:9)
  A hydra (Lair:1)
  3 two-headed ogres
  3 thrashing horrors (Abyss:1)
  2 large abominations (Abyss:1)
  A wretched star (Abyss:1)
  An orc sorcerer (D:11)
  A cyclops (D:11)
  A worldbinder (Abyss:1)
  2 manticores
  Joseph (D:9)
  An orange demon (Abyss:1)
  3 komodo dragons (Lair:2)
  5 starcursed masses (Abyss:1)
  2 spiny frogs
  2 ancient zymes (Abyss:1)
  2 trolls (D:11)
  A polar bear (Lair:2)
  Prince Ribbit (D:7)
  2 raiju (Abyss:1)
  2 hippogriffs
  Sigmund (D:6)
  2 small abominations (Abyss:1)
  12 yaks
  A wyvern (D:11)
  A basilisk (Lair:2)
  4 hungry ghosts
  2 soldier ants (D:10)
  An acid dragon (D:11)
  5 water moccasins
  6 orc warriors
  2 porcupines (Lair:1)
  2 black bears (D:8)
  3 ice beasts
  A hornet zombie (D:7)
  9 ogres
  5 sky beasts
  An eye of draining (D:10)
  2 centaurs
  5 phantoms
  A necrophage (D:11)
  2 crocodiles
  7 bullfrogs
  A wyvern zombie (D:11)
  A gnoll sergeant (D:5)
  3 scorpions
  9 killer bees
  10 wights
  A howler monkey (D:5)
  2 electric eels (D:11)
  7 crimson imps
  2 quasits
  3 jellies
  A bullfrog zombie (D:5)
  5 hounds
  10 orc wizards
  A bullfrog skeleton (D:11)
  6 orc priests
  A centaur skeleton (D:9)
  An iron imp (Abyss:1)
  Terence (D:2)
  2 iguanas
  10 worker ants
  6 ogre zombies (D:11)
  2 hound skeletons
  A howler monkey skeleton (D:10)
  3 gnolls (D:5)
  8 adders
  2 shadow imps
  An ufetubus (Abyss:1)
  An ooze (D:5)
  3 dart slugs
  6 worms
  6 leopard geckos
  32 orcs
  6 giant cockroaches
  11 goblins
  8 hobgoblins
  13 jackals
  2 quokkas
  2 ball pythons
  7 bats
  A frilled lizard (D:4)
  3 goblin skeletons (D:11)
  2 goblin zombies (D:11)
  2 hobgoblin skeletons (D:11)
  A hobgoblin zombie (D:11)
  5 kobolds
  2 orc skeletons (D:11)
  9 orc zombies (D:11)
  2 quokka zombies
  13 rats
  A plant (Lair:2)
351 creatures vanquished.

Vanquished Creatures (collateral kills)
  An Executioner (Abyss:1)
  A raiju (Abyss:1)
2 creatures vanquished.

Vanquished Creatures (others)
  An orc (D:11)
  A bush (Lair:2)
  A fungus (Lair:2)
  3 plants (Lair:2)
  4 starspawn tentacles (Abyss:1)
10 creatures vanquished.

Grand Total: 363 creatures vanquished

Notes
Turn   | Place    | Note
-------+----------+-------------------------------------------
     0 | D:1      | Fascinator the Minotaur Berserker began the quest for the Orb.
     0 | D:1      | Reached XP level 1. HP: 19/19 MP: 0/0
   267 | D:1      | Reached XP level 2. HP: 27/27 MP: 1/1
   901 | D:2      | Reached XP level 3. HP: 26/33 MP: 2/2
  1044 | D:2      | Reached ** piety under Trog
  1063 | D:2      | Noticed a moth of wrath
  1066 | D:2      | Found a bloodstained altar of Trog.
  1313 | D:2      | Reached XP level 4. HP: 41/41 MP: 3/3
  1419 | D:2      | Noticed Terence
  1434 | D:2      | Killed Terence
  1948 | D:3      | Reached skill level 5 in Fighting
  1948 | D:3      | Reached XP level 5. HP: 47/48 MP: 4/4
  2011 | D:3      | Reached *** piety under Trog
  2020 | D:3      | Reached skill level 5 in Axes
  2484 | D:4      | Found an iron altar of Okawaru.
  2569 | D:4      | Noticed an ogre
  2575 | D:4      | Killed an ogre
  2575 | D:4      | Reached XP level 6. HP: 57/57 MP: 5/5
  2630 | D:4      | Reached skill level 5 in Armour
  3071 | D:5      | Entered Level 5 of the Dungeon
  3092 | D:5      | Noticed a sky beast
  3105 | D:5      | Killed a sky beast
  3161 | D:5      | Reached XP level 7. HP: 38/63 MP: 6/6
  3639 | D:5      | Got an ichor-stained mace
  3642 | D:5      | Identified the cursed +0 mace of Iconoclasm {flame, +Rage rElec MR+} (You found it on level 5 of the Dungeon)
  3722 | D:5      | Reached **** piety under Trog
  3722 | D:5      | Reached skill level 1 in Maces & Flails
  3750 | D:5      | Reached XP level 8. HP: 69/73 MP: 7/7
  4282 | D:5      | Found a staircase to the Ecumenical Temple.
  4564 | D:6      | Found a faded altar of an unknown god.
  4564 | D:6      | Found a shattered altar of Ashenzari.
  4569 | D:6      | Found a glowing golden altar of the Shining One.
  4571 | D:6      | Found an ornate altar of the Wu Jian Council.
  4573 | D:6      | Found a basalt altar of Yredelemnul.
  4817 | D:6      | Noticed Sigmund
  4822 | D:6      | Killed Sigmund
  5137 | D:7      | Noticed Prince Ribbit
  5154 | D:7      | Killed Prince Ribbit
  5154 | D:7      | Reached skill level 5 in Maces & Flails
  5154 | D:7      | Reached XP level 9. HP: 64/82 MP: 8/8
  5669 | D:7      | Gained mutation: You are clumsy. (Dex -2) [potion of mutation]
  5669 | D:7      | Gained mutation: You are frail. (-10% HP) [potion of mutation]
  5669 | D:7      | Gained mutation: You are surrounded by a mild repulsion field. (EV +2) [potion of mutation]
  5955 | D:8      | Reached skill level 10 in Fighting
  6135 | D:8      | Reached ***** piety under Trog
  6135 | D:8      | Reached skill level 10 in Armour
  6169 | D:8      | Reached XP level 10. HP: 7/84 MP: 9/9
  6624 | D:8      | You fall through a shaft!
  6709 | D:9      | Noticed Erolcha
  6716 | D:9      | Killed Erolcha
  6916 | D:9      | Noticed a two-headed ogre
  6919 | D:9      | Noticed a two-headed ogre
  6923 | D:9      | Killed a two-headed ogre
  6927 | D:9      | Killed a two-headed ogre
  7781 | D:9      | Noticed a manticore
  7785 | D:9      | Killed a manticore
  7787 | D:9      | Reached skill level 10 in Maces & Flails
  7863 | D:9      | Noticed Joseph
  7875 | D:9      | Killed Joseph
  7875 | D:9      | Reached XP level 11. HP: 83/93 MP: 10/10
  7946 | D:10     | Entered Level 10 of the Dungeon
  8203 | D:10     | Found a snail-covered altar of Cheibriados.
  8205 | D:10     | Noticed a two-headed ogre
  8213 | D:10     | Killed a two-headed ogre
  9345 | D:11     | Found a staircase to the Lair.
  9572 | D:11     | Found a staircase to the Orcish Mines.
  9608 | D:11     | Noticed an orc sorcerer
  9612 | D:11     | Noticed a sixfirhy
  9645 | D:11     | Killed an orc sorcerer
  9649 | D:11     | Received a gift from Trog
  9935 | D:11     | Noticed Sonja
 10986 | D:12     | Noticed a four-headed hydra
 11063 | Lair:1   | Entered Level 1 of the Lair of Beasts
 11282 | Lair:1   | Noticed a six-headed hydra
 11289 | Lair:1   | Killed a six-headed hydra
 11419 | Lair:1   | Found a dark tunnel.
 11792 | Lair:2   | Reached XP level 12. HP: 103/103 MP: 11/11
 12968 | Orc:1    | Entered Level 1 of the Orcish Mines
 13040 | D:11     | Cast into level 1 of the Abyss (Sonja)
 13091 | Abyss:1  | Found a stormy altar of Qazlal.
 13287 | Abyss:1  | Noticed an Executioner
 13297 | Abyss:1  | Killed an Executioner
 13342 | Abyss:1  | Found a stormy altar of Qazlal.
 13437 | Abyss:1  | Noticed a starcursed mass
 13497 | Abyss:1  | Noticed a tentacled starspawn
 13581 | Abyss:1  | Noticed a cacodemon
 13617 | Abyss:1  | Slain by a spatial maelstrom

Skill      XL: |  1  2  3  4  5  6  7  8  9 10 11 12 |
---------------+-------------------------------------+-----
Fighting       | 4 5 6 7 8 10 12 13 14 | 14.8
Axes           | 4 5 6 |  6.9
Armour         | 3 4 5 6 8 10 11 13 14 | 14.6
Maces & Flails | 2 5 7 10 11 13 | 13.4
Dodging        | |  2.4

Action                   |  1- 3 |  4- 6 |  7- 9 | 10-12 || total
-------------------------+-------+-------+-------+-------++-------
Melee: Hand axe          |    73 |   135 |    38 |       ||   246
       Headbutt          |    11 |    23 |    63 |   168 ||   265
       Mace              |       |       |   249 |   842 ||  1091
Invok: Berserk           |       |       |     3 |     8 ||    11
       Trog's Hand       |       |       |       |     6 ||     6
       Brothers in Arms  |       |       |       |     2 ||     2
  Use: Scroll            |       |       |    16 |     5 ||    21
       Potion            |       |       |    11 |     3 ||    14
  Eat: Chunk             |     1 |     6 |    13 |    22 ||    42
       Ration            |       |       |       |     6 ||     6
Armor: Ring mail         |     1 |       |       |       ||     1
       Chain mail        |    25 |    80 |   190 |   129 ||   424
       Plate armour      |       |       |       |   476 ||   476
Dodge: Dodged            |    32 |    60 |   157 |   406 ||   655
